 Dungeon Crawl Stone Soup version 0.26.1-11-gd32895ea62 (webtiles) character file.

Game seed: 9679937189789393573

8 vvl the Grasshopper (level 2, -1/26 HPs)
             Began as a Naga Warper on June 16, 2021.
             Slain by a frilled lizard (2 damage)
             ... on level 1 of the Dungeon.
             The game lasted 00:01:10 (475 turns).

vvl the Grasshopper (Naga Warper)                    Turns: 475, Time: 00:01:10

Health: -1/26      AC:  2    Str: 13    XL:     2   Next: 8%
Magic:  5/5        EV:  9    Int: 13    God:
Gold:   27         SH:  0    Dex: 10    Spells: 5/5 levels left

rFire    . . .     SeeInvis +   a - +0 falchion
rCold    . . .     Faith    .   (no shield)
rNeg     . . .     Spirit   .   b - +0 leather armour
rPois    +         Reflect  .   (no helmet)
rElec    .         Harm     .   (no cloak)
rCorr    .         Rampage  .   (no gloves)
Will     .....                  (no barding)
Stlth    +.........             (no amulet)
HPRegen  0.08/turn              (no ring)
MPRegen  0.09/turn              (no ring)

@: very slow
A: large, see invisible, deformed body, poison resistance, slowness 2, spit
poison 1, AC +0
a: Spit Poison


You were on level 1 of the Dungeon.
You visited 1 branch of the dungeon, and saw 1 of its levels.

You collected 27 gold pieces.

Inventory:

Hand Weapons
 a - a +0 falchion (weapon)
Missiles
 e - 5 boomerangs of dispersal (quivered)
Armour
 b - a +0 leather armour (worn)
Jewellery
 c - an uncursed amulet of reflection {unknown}
Scrolls
 d - a scroll of blinking
 f - a scroll of noise {unknown}
 g - a scroll of immolation {unknown}
 i - 2 scrolls of identify {unknown}
Potions
 h - a potion of might {unknown}


   Skills:
 + Level 2.0 Fighting
 * Level 2.1 Long Blades
 - Level 0.8 Throwing
 + Level 0.8 Armour
 + Level 1.6 Dodging
 + Level 0.3 Shields
 + Level 2.0 Spellcasting
 + Level 3.0 Translocations
 + Level 0.2 Invocations


You had 5 spell levels left.
You didn't know any spells.
Your spell library contained the following spells:

 Spells                   Type           Power        Failure   Level
 Blink                    Tloc           N/A          14%         2
 Gell's Gravitas          Tloc           4%           28%         3
 Lesser Beckoning         Tloc           4%           28%         3
 Teleport Other           Tloc           9%           28%         3
 Passage of Golubria      Tloc           N/A          67%         4


Dungeon Overview and Level Annotations

Branches:
Dungeon (1/15)

Altars:


Innate Abilities, Weirdness & Mutations

You cannot wear boots.
Your serpentine skin is tough. (AC +0)
You have supernaturally acute eyesight. (SInv)
Armour fits poorly on your strangely shaped body.
Your system is resistant to poisons. (rPois)
You cover ground very slowly.
You can spit poison.


Message History

The bat hits you but does no damage. The bat hits you.
You hit the bat.
You kill the bat!
The bat hits you but does no damage.
You barely miss the hobgoblin. The bat hits you.
* * * LOW HITPOINT WARNING * * *
The hobgoblin barely misses you.
You riposte.
You closely miss the hobgoblin. You hit the hobgoblin.
The hobgoblin is moderately wounded.
The bat hits you.
* * * LOW HITPOINT WARNING * * *
The hobgoblin hits you with a +0 club.
* * * LOW HITPOINT WARNING * * *
The frilled lizard closely misses you.
You closely miss the hobgoblin.
The hobgoblin is moderately wounded.
The hobgoblin hits you with a +0 club.
* * * LOW HITPOINT WARNING * * *
The frilled lizard bites you.
You die...

#...##.#.#...#
#...##.......#
..........#...#
...++###.#.#...## ....
#.#.##.##. ## ####
#......+(. ...########
#.#.##.##(
..........######.#.##..##
.......b@.'.........##..#
........gl#.####.#..##..#
...###+#'##.####.#..##..#
#.....##..........†..#
##...)##..............
#....####....#.......
#....+ +....+.###...
#....# #....### #...
#....# #....# #...


You could see a hobgoblin, a bat and a frilled lizard.

Vanquished Creatures
  3 bats (D:1)
  3 hobgoblins (D:1)
  A kobold (D:1)
7 creatures vanquished.

Notes
Turn   | Place    | Note
-------+----------+-------------------------------------------
     0 | D:1      | vvl the Naga Warper began the quest for the Orb.
     0 | D:1      | Reached XP level 1. HP: 19/19 MP: 3/3
   454 | D:1      | Reached XP level 2. HP: 10/26 MP: 5/5
   475 | D:1      | HP: 1/26 [hobgoblin/+0 club (1)]
   475 | D:1      | Slain by a frilled lizard

Illustrated notes

Levels and vault maps discovered:
D:1:      minmay_arrival_shattered_statue, layout_basic, minmay_vboxes

Action                   || total
-------------------------++-------
Melee: Falchion          ||    27
Armor: Leather armour    ||    21
Dodge: Dodged            ||    30
       Rpst.: Falchion   ||    15
